 Dungeon Crawl Stone Soup version 0.26-a0-712-ga5a9c9c9d0 (webtiles) character file.

Game seed: 12066525042641459186

150759 MalarOregon the Devastator (level 16, -6/189 HPs)
             Began as a White Draconian Conjurer on Nov 9, 2020.
             Was the Champion of Hepliaklqana.
             Mangled by a redback (13 damage)
             ... on level 2 of the Spider Nest.
             The game lasted 02:32:56 (45681 turns).

MalarOregon the Devastator (DrCj)                  Turns: 45681, Time: 02:32:57

Health: -6/189     AC: 20    Str: 20    XL:     16   Next: 99%
Magic:  1/29       EV: 17    Int: 21    God:    Hepliaklqana [******]
Gold:   659        SH:  0    Dex: 10    Spells: 23/33 levels left

rFire    . . .     SeeInvis +   O - +7 great mace "Undeadhunter" {disrupt, rN+}
rCold    + + .     Faith    .   (shield currently unavailable)
rNeg     + + +     Spirit   .   (armour unavailable)
rPois    +         Reflect  .   V - +2 hat {SInv}
rElec    .         Harm     .   U - +2 cloak {rPois}
rCorr    .         Rampage  .   q - +2 pair of gloves
MR       +....                  L - +2 pair of boots
Stlth    ..........             W - macabre finger necklace {rN+}
HPRegen  0.41/turn              o - ring of protection from cold
MPRegen  0.21/turn              p - +6 ring of strength
                                Q - ring of positive energy

@: berserking, very quick
A: breathe frost, unfitting armour, reduced essence, cold resistance 1,
cold-blooded, AC +9
a: Breathe Frost, Recall Ancestor, Ancestor Identity, Transference, Idealise,
Renounce Religion


You were on level 2 of the Spider Nest.
You worshipped Hepliaklqana.
Hepliaklqana was exalted by your worship.
You visited 5 branches of the dungeon, and saw 26 of its levels.
You also visited: Gauntlet and Ice Cave.

You collected 3626 gold pieces.
You spent 2967 gold pieces at shops.

Inventory:

Hand Weapons
 H - the +6 spear "Zaashrim" {vamp, rC+ MR+ Int-5}
   (You found it on level 8 of the Dungeon)

   It inflicts no extra harm, but heals its wielder when it wounds a living foe.
   It affects your intelligence (-5).
   It protects you from cold.
   It affects your resistance to hostile enchantments.
 O - the +7 great mace "Undeadhunter" (weapon) {disrupt, rN+}
   (You found it on level 10 of the Dungeon)

   It protects you from negative energy.
 P - the +3 dagger "Orb Guardian's Curse" {vorpal, rC+ Str+3}
   (You found it on level 10 of the Dungeon)

   It inflicts extra damage upon your enemies.
   It affects your strength (+3).
   It protects you from cold.
Missiles
 m - 61 poisoned darts (quivered)
 D - 2 curare-tipped darts {!f}
Armour
 q - a +2 pair of gloves (worn)
   (You found it on level 8 of the Dungeon)
 L - a +2 pair of boots (worn)
   (You found it on level 10 of the Dungeon)
 U - a +2 cloak of poison resistance (worn)
   (You found it in a Gauntlet)
 V - a +2 hat of see invisible (worn)
   (You found it in a Gauntlet)
Jewellery
 i - an uncursed ring of protection from fire
   (You found it on level 2 of the Lair of Beasts)
 l - an uncursed ring of protection from magic
   (You found it in an ice cave)
 o - a ring of protection from cold (left hand)
   (You found it on level 1 of the Lair of Beasts)
 p - a +6 ring of strength (right hand)
   (You bought it in a shop on level 1 of the Orcish Mines)
 Q - a ring of positive energy (on amulet)
   (You found it in an ice cave)
 W - the macabre finger necklace (around neck) {rN+}
   (You found it in a Gauntlet)

   [amulet of nothing]

   It protects you from negative energy.
Wands
 d - a wand of iceblast (24)
   (You found it on level 9 of the Dungeon)
 r - a wand of polymorph (16)
   (You found it on level 3 of the Dungeon)
 t - a wand of flame (51)
   (You found it on level 9 of the Dungeon)
 u - a wand of paralysis (30)
   (You found it on level 6 of the Dungeon)
 G - a wand of enslavement (11)
   (You took it off an orc on level 7 of the Dungeon)
Scrolls
 a - 10 scrolls of teleportation {@r4}
 c - 4 scrolls of amnesia
 g - 5 scrolls of fog
 n - 3 scrolls of immolation {!r}
 s - 2 scrolls of fear
 x - 14 scrolls of remove curse {@r2}
 y - 2 scrolls of summoning
 E - 10 scrolls of identify {@r1}
 K - 4 scrolls of magic mapping
 M - a scroll of vulnerability {!r}
 S - a scroll of enchant weapon
 T - a scroll of enchant armour
Potions
 b - 2 potions of lignification {!q}
 f - 2 potions of stabbing
 h - 7 potions of flight
 k - 8 potions of brilliance
 v - 4 potions of mutation {!q}
 w - 3 potions of heal wounds {@q2}
 A - 6 potions of ambrosia
 B - 12 potions of curing {@q1}
 F - 2 potions of resistance
 I - 5 potions of might
 J - 3 potions of invisibility
 Y - 5 potions of haste {@q3}
Miscellaneous
 j - a tin of tremorstones (1/3)
   (You found it on level 3 of the Lair of Beasts)
 C - a condenser vane (1/2)
   (You bought it in a shop on level 2 of the Orcish Mines)
 N - a phantom mirror
   (You found it on level 10 of the Dungeon)
 R - a box of beasts (3/3)
   (You bought it in a shop on level 2 of the Orcish Mines)
 X - a lightning rod (4/4) {!a}
   (You found it in a Gauntlet)


   Skills:
 + Level 12.6 Fighting
 + Level 7.3 Maces & Flails
 + Level 11.0 Dodging
 + Level 11.9 Stealth
   Level 4.0 Shields
 - Level 9.0 Spellcasting
 * Level 16.1 Conjurations
 - Level 9.0 Hexes
 + Level 1.1 Air Magic
 - Level 8.0 Invocations
 - Level 4.0 Evocations


You had 23 spell levels left.
You knew the following spells:

 Your Spells              Type           Power        Failure   Level
a - Magic Dart            Conj           ####         0%          1
b - Lightning Bolt        Conj/Air       #####.....   5%          5
z - Fulminant Prism       Conj/Hex       ######....   1%          4

Your spell library contained the following spells:

 Spells                   Type           Power        Failure   Level
 Searing Ray              Conj           ######       0%          2
 Dazzling Flash           Conj/Hex       ######       1%          3
 Static Discharge         Conj/Air       #####...     1%          3
 Iskenderun's Mystic Bla  Conj/Tloc      #####...     2%          4
 Summon Guardian Golem    Hex/Summ       ####....     3%          3
 Animate Skeleton         Necr           #.....       7%          1
 Pain                     Necr           #...         7%          1
 Summon Small Mammal      Summ           #...         7%          1
 Call Imp                 Summ           #.......     11%         2
 Call Canine Familiar     Summ           #.......     22%         3
 Vampiric Draining        Necr           #.........   22%         3
 Summon Lightning Spire   Summ/Air       ##......     50%         4
 Animate Dead             Necr           #.........   56%         4
 Summon Ice Beast         Ice/Summ       #.......     56%         4
 Agony                    Necr           #.......     89%         5
 Ignition                 Fire           #.........   100%        8
 Shatter                  Erth           #.........   100%        9
 Tornado                  Air            ##........   100%        9


Dungeon Overview and Level Annotations

Branches:
Dungeon (15/15)            Temple (1/1) D:7            Lair (6/6) D:11
  Swamp (0/4) Lair:2       Spider (2/4) Lair:3        Slime (0/5) Lair:6
    Orc (2/2) D:11            Elf (0/3) Orc:2        Vaults (0/5) D:13
 Depths (0/5) D:15          IceCv (visited)         Gauntlet (visited)

Altars:
Ashenzari
Cheibriados
Dithmenos
Elyvilon
Fedhas
Gozag
Hepliaklqana
Kikubaaqudgha
Makhleb
Nemelex Xobeh
Okawaru
Qazlal
Ru
Sif Muna
Trog
Uskayaw
Vehumet
Wu Jian
Xom
Yredelemnul
Zin
The Shining One
Beogh
Jiyva

Shops:
Orc:1 *(   Orc:2 *[*}

Portals:
Pandemonium: Orc:2

Annotations:
D:4 3 runed translucent doors, kaychamo's ghost, novice TeFi
D:7 1 runed translucent door, Crazy Yiuf; Dowan; Duvessa
Lair:4 3 runed translucent doors, Queen's ghost, journeyman TrTm


Innate Abilities, Weirdness & Mutations

You can breathe waves of freezing cold.
You can buffet flying creatures when you breathe cold.
Your icy white scales are hard. (AC +9)
You cannot fit into any form of body armour.
Your flesh is cold resistant. (rC+)
You are cold-blooded and may be slowed by cold attacks.
Your life essence is reduced to manifest your ancestor. (-10% HP)


Message History

The redback bites you.
* * * LOW HITPOINT WARNING * * *
The tarantella is engulfed in poison gas.
The tarantella looks even sicker.
You kill the tarantella!
The redback is engulfed in poison gas.
The redback looks as sick as possible!
The redback closely misses you.
The moth of wrath is engulfed in poison gas.
The moth of wrath looks even sicker.
The redback is engulfed in poison gas.
The redback looks as sick as possible!
The redback barely misses you.
The redback is engulfed in poison gas.
The redback looks as sick as possible!
The redback bites you.
* * * LOW HITPOINT WARNING * * *
The moth of wrath is engulfed in poison gas.
The moth of wrath looks even sicker.
The moth of wrath bites you!
* * * LOW HITPOINT WARNING * * *
The moth of wrath infuriates you!
A red film seems to cover your vision as you go berserk!
You feel yourself moving faster!
You feel mighty!
Unknown command.
Unknown command.
You are too berserk!
You are too berserk!
You are too berserk!
Unknown command.
Unknown command.
Here: a redback (poison gas, severely wounded, berserk, extremely poisoned) Item here: a redback corpse.
The floor.
Here: a redback (poison gas, heavily wounded, berserk, extremely poisoned)
The floor, spattered with blood.
Unknown command.
Here: a moth of wrath (poison gas, severely wounded, very poisoned)
The floor, spattered with blood.
Unknown command.
You closely miss the moth of wrath.
The redback looks as sick as possible!
The redback misses you.
The redback is engulfed in poison gas.
The redback looks as sick as possible!
The redback completely misses you.
The redback is engulfed in poison gas.
The redback looks as sick as possible!
The redback bites you but does no damage.
The redback is engulfed in poison gas.
The redback looks as sick as possible!
The redback bites you.
* * * LOW HITPOINT WARNING * * *
The moth of wrath is engulfed in poison gas.
The moth of wrath looks as sick as possible!
The moth of wrath bites you!
* * * LOW HITPOINT WARNING * * *
The redback is engulfed in poison gas.
The redback looks as sick as possible! x2
The redback bites you!
You die...

..#######≈≈≈#..##
.#≈ ^...# ##≈#^..#
...≈ ...#####
.^..###/.#
.#..#^.###
##.(#....
.####..#.##
#..#§§# #
..#≈##R...#
§§#§§#..#
..#..##..##
##§y§§.[#
.##..#...#####§.s#
..##.^..##.#.##s@#
...#...###......##
##...###.#...^..}#
.#...#.#...###.###
....##......####
..###.^.##...#
..#.#....#.###
.....^#..###
......#.##


You could see a moth of wrath (extremely poisoned) and 2 redbacks.

Vanquished Creatures
  A ghost moth (Lair:3)
  An entropy weaver (Spider:1)
  A dire elephant (D:15)
  2 ogre magi
  2 ice dragons (IceCv)
  6 hydras
  A vault guard (D:13)
  4 boulder beetles
  4 centaur warriors
  A catoblepas (D:10)
  A two-headed ogre (D:15)
  An orc high priest (Orc:2)
  5 death yaks
  5 skeletal warriors
  A sixfirhy (Orc:2)
  2 unseen horrors
  A death drake (shapeshifter) (D:15)
  2 infernal demonspawn (Orc:2)
  2 cherubim (D:13)
  3 orc knights
  A gelid demonspawn (Orc:2)
  Pikel (D:6)
  A necromancer (Gauntlet)
  6 orc sorcerers
  5 orb spiders
  2 oklob plants (Lair:1)
  4 wolf spiders
  10 ugly things
  3 manticores
  3 deep elf magi
  3 cyclopes
  A moth of wrath (Gauntlet)
  A salamander (D:15)
  A black mamba (Lair:3)
  6 elephants
  An ice statue (IceCv)
  5 cane toads
  5 torpor snails
  A gargoyle (D:13)
  4 rime drakes
  A komodo dragon (D:9)
  A kobold demonologist (D:15)
  3 demonic crawlers
  3 trolls
  6 jumping spiders
  A polar bear (Lair:3)
  3 tyrant leeches (Lair:6)
  7 hornets
  A dream sheep (shapeshifter) (D:15)
  2 slime creatures (D:15)
  3 blink frogs (Lair:4)
  A meliai zombie (D:11)
  6 dream sheep
  A flying skull (D:11)
  A centaur simulacrum (D:15)
  13 redbacks
  4 shadows
  8 tarantellas
  A vampire (D:14)
  2 wraiths (D:11)
  34 yaks
  Eustachio (D:5)
  A basilisk (Lair:2)
  3 wyverns
  A hog (Lair:3)
  2 vampire mosquitoes (D:15)
  2 humans (D:13)
  A chaos spawn (Orc:2)
  A neqoxec (Orc:2)
  Edmund (D:6)
  An acid dragon (D:12)
  3 wargs
  2 soldier ants
  6 water moccasins
  15 orc warriors
  13 ice beasts
  A hornet zombie (D:14)
  4 sky beasts
  An eye of draining (D:12)
  9 wolves
  10 ogres
  3 lemures (D:6)
  26 centaurs
  A big kobold (D:11)
  10 bullfrogs
  A gnoll sergeant (D:10)
  A wyvern zombie (D:15)
  2 wyvern skeletons (D:11)
  A scorpion (D:5)
  7 jellies
  3 killer bees (D:12)
  2 howler monkeys (D:9)
  4 electric eels
  13 wights
  A quasit (D:10)
  2 bullfrog zombies
  6 centaur zombies
  5 centaur skeletons
  A hound (D:7)
  14 orc priests
  12 orc wizards
  4 bullfrog skeletons
  6 iguanas
  Terence (D:2)
  14 battlemagi
  9 worker ants
  2 hound skeletons (D:11)
  A worker ant zombie (D:11)
  4 gnolls
  4 howler monkey skeletons
  10 adders
  2 shadow imps
  5 white imps
  An ufetubus (D:6)
  2 oozes
  An adder skeleton (D:4)
  An adder zombie (D:5)
  3 worms
  3 dart slugs
  6 leopard geckos
  69 orcs
  2 ball pythons
  2 giant cockroaches
  17 goblins
  5 hobgoblins
  9 jackals
  5 quokkas
  3 bats (D:1)
  3 frilled lizards
  A jackal zombie (D:7)
  6 kobolds
  2 quokka skeletons
  5 rats
  2 bushes (D:14)
  A fulminant prism (Orc:1)
616 creatures vanquished.

Vanquished Creatures (collateral kills)
  Kirke (Lair:3)
  An emperor scorpion (Spider:2)
  A minotaur (Gauntlet)
  2 ice dragons (Lair:6)
  Harold (D:11)
  3 vault guards (D:13)
  A hydra (Lair:6)
  A two-headed ogre (D:11)
  3 centaur warriors
  An ogre mage (D:10)
  3 death yaks (Lair:4)
  A tengu warrior (D:12)
  4 orc high priests
  A dancing weapon (D:13)
  A skeletal warrior (Lair:1)
  A phantasmal warrior (D:10)
  5 orc knights
  A wolf spider zombie (D:15)
  A lindwurm (Lair:6)
  6 wolf spiders
  2 orc sorcerers
  5 ugly things
  A manticore (shapeshifter) (D:13)
  4 orb spiders
  A centaur zombie (D:15)
  2 cyclopes
  6 elephants (Lair:5)
  4 black mambas
  A guardian serpent (shapeshifter) (D:13)
  A torpor snail (Lair:6)
  An orange demon (Orc:2)
  An ice statue (IceCv)
  7 cane toads
  A yaktaur (D:15)
  6 centaur skeletons
  An efreet (D:15)
  4 komodo dragons
  A tengu conjurer (D:13)
  3 ice devils
  6 rime drakes
  A demonic crawler (Spider:2)
  2 trolls
  A harpy zombie (D:15)
  6 jumping spiders
  A tyrant leech (Lair:6)
  A polar bear (Lair:5)
  15 blink frogs
  3 hornets
  2 flying skulls (D:11)
  A dream sheep (Lair:4)
  A water elemental (D:13)
  2 shadows
  34 yaks
  9 redbacks
  4 wyverns
  3 wraiths
  5 tarantellas
  A hog (Lair:4)
  A basilisk (Lair:1)
  2 steam dragons
  A neqoxec (Orc:2)
  5 wargs
  A soldier ant (D:11)
  2 swamp worms (Lair:2)
  4 water moccasins
  An acid dragon (D:15)
  5 ice beasts
  An eye of draining (D:15)
  21 orc warriors
  2 phantoms
  2 necrophages
  5 ogres
  6 centaurs
  6 wolves
  A lemure (D:6)
  Blork the orc (D:6)
  A big kobold (D:15)
  14 bullfrogs
  2 scorpions
  3 killer bees
  12 wights
  A howler monkey (D:9)
  3 electric eels
  3 jellies
  A gnoll shaman (D:6)
  2 hounds
  14 orc priests
  2 bullfrog skeletons (D:11)
  13 orc wizards
  2 iguanas
  6 worker ants
  A hound skeleton (D:11)
  A worker ant zombie (D:11)
  A howler monkey skeleton (D:11)
  5 gnolls
  3 adders
  A shadow imp (D:10)
  3 white imps
  An ooze (Lair:6)
  An adder zombie (D:9)
  28 orcs
  A giant cockroach (D:6)
  3 jackals (D:4)
  2 quokkas
  A frilled lizard (D:4)
  4 kobolds
  A quokka skeleton (D:4)
392 creatures vanquished.

Vanquished Creatures (others)
  A flying skull (D:11)
  2 humans (Lair:4)
  52 battlemagi
  4 ancestors
  22 bushes (D:14)
  404 fulminant prisms
  48 fungi
  142 plants
675 creatures vanquished.

Grand Total: 1683 creatures vanquished

Notes
Turn   | Place    | Note
-------+----------+-------------------------------------------
     0 | D:1      | MalarOregon the Draconian Conjurer began the quest for the
                  | Orb.
     0 | D:1      | Reached XP level 1. HP: 14/14 MP: 3/3
   249 | D:1      | Reached XP level 2. HP: 22/22 MP: 0/5
   591 | D:1      | Reached skill level 1 in Fighting
   787 | D:1      | Reached XP level 3. HP: 28/28 MP: 4/6
   991 | D:2      | Noticed Terence
  1298 | D:2      | Reached XP level 4. HP: 35/35 MP: 0/7
  1757 | D:2      | Found a basalt altar of Yredelemnul.
  1814 | D:2      | Learned a level 4 spell: Fulminant Prism
  2122 | D:2      | Found a white marble altar of Elyvilon.
  2123 | D:2      | Found a glowing golden altar of the Shining One.
  2124 | D:2      | Found a glowing silver altar of Zin.
  3149 | D:3      | Noticed an ogre
  3443 | D:2      | Reached XP level 5. HP: 41/41 MP: 7/9
  3776 | D:4      | Found a shimmering altar of Xom.
  3777 | D:4      | Found a hazy altar of Hepliaklqana.
  3777 | D:4      | Noticed a wyvern
  3778 | D:4      | Noticed a spectral ugly thing
  3792 | D:4      | Became a worshipper of Hepliaklqana the Forgotten
  3826 | D:4      | Noticed an ogre
  3832 | D:4      | Killed an ogre
  3918 | D:2      | Killed Terence
  3918 | D:2      | Reached skill level 1 in Hexes
  4491 | D:3      | Killed an ogre
  4491 | D:3      | Reached skill level 5 in Conjurations
  4491 | D:3      | Reached XP level 6. HP: 28/45 MP: 8/10
  4695 | D:4      | Found a runed translucent gate.
  4695 | D:4      | Found a runed translucent gate.
  4695 | D:4      | Found a runed translucent gate.
  5504 | D:4      | Your scales start taking on an icy white colour.
  5504 | D:4      | Reached XP level 7. HP: 32/50 MP: 11/11
  5504 | D:4      | Gained mutation: Your flesh is cold resistant. (rC+) [White
                  | Draconian growth]
  5697 | D:4      | Reached * piety under Hepliaklqana
  5857 | D:4      | Noticed kaychamo's ghost (novice TeFi)
  5867 | D:5      | Entered Level 5 of the Dungeon
  6281 | D:5      | Noticed Eustachio
  6328 | D:5      | Reached skill level 6 in Conjurations
  6717 | D:5      | Reached XP level 8. HP: 34/59 MP: 13/13
  6737 | D:5      | Killed Eustachio
  7098 | D:5      | Found a burning altar of Makhleb.
  7507 | D:6      | Reached skill level 7 in Conjurations
  7707 | D:6      | Found a shadowy altar of Dithmenos.
  7739 | D:6      | Noticed Edmund
  7751 | D:6      | Killed Edmund
  7958 | D:6      | Reached ** piety under Hepliaklqana
  7965 | D:6      | Noticed Blork the orc
  7971 | D:6      | Killed Blork the orc
  7971 | D:6      | Reached XP level 9. HP: 56/64 MP: 15/15
  8129 | D:6      | Reached skill level 5 in Stealth
  8499 | D:6      | Noticed Pikel
  8517 | D:6      | Killed Pikel
  8517 | D:6      | Reached skill level 5 in Fighting
  8741 | D:6      | Remembered your ancestor Tlalli as a battlemage
  8784 | D:7      | Reached skill level 8 in Conjurations
  9112 | D:7      | Reached skill level 5 in Spellcasting
  9464 | D:7      | Found a staircase to the Ecumenical Temple.
  9471 | Temple   | Entered the Ecumenical Temple
  9815 | D:7      | Found a runed translucent door.
  9815 | D:7      | Noticed Duvessa
  9816 | D:7      | Noticed Crazy Yiuf
  9817 | D:7      | Noticed Dowan
 10011 | D:8      | Reached skill level 5 in Dodging
 10015 | D:8      | Got a transparent spear
 10022 | D:8      | Identified the +6 spear "Zaashrim" {vamp, rC+ MR+ Int-5}
                  | (You found it on level 8 of the Dungeon)
 10290 | D:8      | Reached *** piety under Hepliaklqana
 10328 | D:8      | Reached skill level 1 in Shields
 10528 | D:8      | Found a broken altar of Ashenzari.
 10843 | D:8      | Reached XP level 10. HP: 60/74 MP: 18/18
 11186 | D:9      | Reached skill level 9 in Conjurations
 11293 | D:9      | Found Kaesen Hera's Distillery.
 11297 | D:9      | Found an opulent altar of Gozag.
 11327 | D:8      | Reached skill level 5 in Hexes
 11446 | D:9      | Bought a potion of flight for 42 gold pieces
 11446 | D:9      | Bought a potion of curing for 42 gold pieces
 11446 | D:9      | Bought a potion of curing for 42 gold pieces
 11446 | D:9      | Bought a potion of might for 56 gold pieces
 11446 | D:9      | Bought a potion of might for 56 gold pieces
 11446 | D:9      | Bought a potion of might for 56 gold pieces
 11446 | D:9      | Bought a potion of invisibility for 112 gold pieces
 11446 | D:9      | Bought a potion of haste for 140 gold pieces
 11446 | D:9      | Bought a potion of stabbing for 56 gold pieces
 11504 | D:9      | Found an ornate altar of the Wu Jian Council.
 11512 | D:9      | Found a snail-covered altar of Cheibriados.
 11512 | D:9      | Found a broken altar of Ashenzari.
 11519 | D:9      | Found a sparkling altar of Nemelex Xobeh.
 11524 | D:9      | Found a stormy altar of Qazlal.
 11905 | D:9      | Found a roughly hewn altar of Beogh.
 12051 | D:9      | Reached **** piety under Hepliaklqana
 12200 | D:10     | Entered Level 10 of the Dungeon
 12212 | D:10     | Noticed an ogre mage
 12643 | D:10     | Reached XP level 11. HP: 47/81 MP: 20/20
 12907 | D:10     | Noticed an ogre mage
 12925 | D:10     | Killed an ogre mage
 12925 | D:10     | Reached skill level 10 in Conjurations
 13003 | D:10     | Noticed a red ugly thing
 13007 | D:10     | Noticed a phantasmal warrior
 13014 | D:10     | Killed a red ugly thing
 13041 | D:10     | Killed a phantasmal warrior
 13088 | D:10     | Killed an ogre mage
 13219 | D:10     | Noticed a centaur warrior
 13227 | D:10     | Killed a centaur warrior
 13238 | D:10     | Noticed an orc sorcerer
 13245 | D:10     | Killed an orc sorcerer
 13304 | D:10     | Noticed a boulder beetle
 13327 | D:10     | Killed a boulder beetle
 13377 | D:10     | Found the +7 great mace "Undeadhunter" {disrupt, rN+}
 13379 | D:10     | Got a smoking dagger
 13380 | D:10     | Identified the +3 dagger "Orb Guardian's Curse" {vorpal,
                  | rC+ Str+3} (You found it on level 10 of the Dungeon)
 13522 | D:10     | Noticed an orc knight
 13541 | D:10     | Noticed a deep elf mage
 13579 | D:10     | Killed an orc knight
 13658 | D:10     | Noticed a centaur warrior
 13677 | D:10     | Killed a centaur warrior
 13865 | D:10     | Killed a deep elf mage
 13979 | D:10     | Killed an unseen horror
 14053 | D:10     | Noticed a catoblepas
 14075 | D:10     | Killed a catoblepas
 14355 | D:9      | Bought a potion of brilliance for 56 gold pieces
 14355 | D:9      | Bought a potion of brilliance for 56 gold pieces
 14497 | D:11     | Found a frozen archway.
 14503 | D:11     | Reached skill level 11 in Conjurations
 14503 | D:11     | Reached XP level 12. HP: 64/90 MP: 19/22
 14513 | IceCv    | Entered an ice cave
 15046 | IceCv    | Noticed an ice dragon
 15047 | IceCv    | Noticed an ice dragon
 15178 | IceCv    | Killed an ice dragon
 15304 | IceCv    | Killed an ice dragon
 15439 | D:11     | Found a staircase to the Lair.
 15770 | D:11     | Noticed a two-headed ogre
 15776 | D:11     | Killed a two-headed ogre
 16243 | D:11     | Noticed a seven-headed hydra
 16251 | D:11     | Killed a seven-headed hydra
 16301 | D:11     | Reached skill level 12 in Conjurations
 16316 | Lair:1   | Entered Level 1 of the Lair of Beasts
 16537 | Lair:1   | Reached ***** piety under Hepliaklqana
 16963 | Lair:1   | Reached XP level 13. HP: 92/99 MP: 9/25
 18110 | D:11     | Found a staircase to the Orcish Mines.
 18330 | D:11     | Noticed Harold
 18341 | D:11     | Killed Harold
 19478 | Lair:2   | Found a staircase to the Swamp.
 19973 | Lair:2   | Got a coiled lapis lazuli ring
 20746 | Lair:3   | Found a hole to the Spider Nest.
 20869 | Lair:3   | Reached skill level 13 in Conjurations
 21323 | Lair:3   | Identified a scroll of acquirement
 21323 | Lair:3   | Acquired the +6 shillelagh "Devastator" {shatter}
 21324 | Lair:3   | Found the +6 shillelagh "Devastator" {shatter}
 21370 | Lair:3   | Reached skill level 1 in Invocations
 21370 | Lair:3   | Reached skill level 1 in Evocations
 21804 | Lair:4   | Reached skill level 10 in Fighting
 21864 | Lair:4   | Noticed Kirke
 22360 | Lair:3   | Found a hole to the Spider Nest.
 22469 | Lair:3   | Killed Kirke
 22469 | Lair:3   | Reached skill level 1 in Maces & Flails
 22855 | Lair:4   | Reached XP level 14. HP: 39/108 MP: 19/26
 23228 | Lair:4   | Identified the ring "Zoddorups" {Ice *Drain MR+ Str+3} (You
                  | found it on level 2 of the Lair of Beasts)
 23504 | Lair:4   | Found a runed translucent gate.
 23504 | Lair:4   | Found a runed translucent gate.
 23504 | Lair:4   | Found a runed translucent gate.
 23506 | Lair:4   | Found a viscous altar of Jiyva.
 23506 | Lair:4   | Noticed Queen's ghost (journeyman TrTm)
 25126 | Lair:5   | Reached skill level 10 in Stealth
 25410 | Lair:5   | Reached ****** piety under Hepliaklqana
 26164 | Lair:6   | Entered Level 6 of the Lair of Beasts
 26635 | Lair:6   | Found a runed translucent door.
 26703 | Lair:6   | Paralysed by a hornet for 1 turns
 27130 | Lair:6   | Found a staircase to the Slime Pits.
 27134 | Lair:6   | Reached skill level 14 in Conjurations
 27250 | Lair:6   | Got a crystal hunting sling
 28207 | Lair:6   | Identified the +8 hunting sling of Conformity {vorpal,
                  | *Slow rN+ MR+ Dex+5} (You found it on level 6 of the Lair
                  | of Beasts)
 28349 | Orc:1    | Entered Level 1 of the Orcish Mines
 28418 | Orc:2    | Entered Level 2 of the Orcish Mines
 28424 | Orc:2    | Found a staircase to the Elven Halls.
 28429 | Orc:2    | Reached XP level 15. HP: 114/115 MP: 28/28
 28500 | Orc:2    | Found Enegg's General Store.
 28649 | Orc:2    | Found Ziamn's General Store.
 29077 | Orc:2    | Bought a potion of heal wounds for 65 gold pieces
 29077 | Orc:2    | Bought a potion of might for 52 gold pieces
 29077 | Orc:2    | Bought a potion of curing for 39 gold pieces
 29079 | Orc:2    | Bought a book of Callings for 360 gold pieces
 29825 | Orc:2    | HP: 2/116 [sun demon[an orc sorcerer] (18)]
 30286 | Orc:1    | Found Kynocos's Weapon Emporium.
 30334 | Orc:1    | Found Ylusch's General Store.
 30422 | Orc:1    | Bought a potion of heal wounds for 80 gold pieces
 30422 | Orc:1    | Bought a +6 ring of strength for 936 gold pieces
 30422 | Orc:1    | Bought a scroll of identify for 32 gold pieces
 30856 | Orc:2    | Found Gavoreh's Gadget Shoppe.
 30856 | Orc:2    | Found Afiesmeu's Antique Armour Emporium.
 30856 | Orc:2    | Found a one-way gate leading to the halls of Pandemonium.
 30887 | Orc:2    | Bought a wand of paralysis (11) for 169 gold pieces
 30887 | Orc:2    | Bought a condenser vane (2/2) for 260 gold pieces
 31338 | Orc:2    | Bought a box of beasts (3/3) for 260 gold pieces
 31614 | D:12     | Reached skill level 5 in Invocations
 32242 | D:12     | Reached skill level 5 in Maces & Flails
 32242 | D:12     | Reached skill level 10 in Dodging
 32718 | D:13     | Found a gate leading to a gauntlet.
 32768 | Gauntlet | Entered a Gauntlet
 32768 | Gauntlet | Found a transporter.
 32768 | Gauntlet | Found a transporter.
 32768 | Gauntlet | Found a transporter.
 32795 | Gauntlet | Found a transporter.
 32811 | Gauntlet | Found a transporter.
 32828 | Gauntlet | Found a transporter.
 32834 | Gauntlet | Found a transporter.
 32855 | Gauntlet | Found a transporter.
 32894 | Gauntlet | Found a transporter.
 32904 | Gauntlet | Found a transporter.
 32919 | Gauntlet | Found a transporter.
 32929 | Gauntlet | Found a transporter.
 32930 | Gauntlet | Found the macabre finger necklace {rN+}
 33279 | Gauntlet | Identified the +4 troll leather armour "Zirar Touq" {-Cast
                  | rElec Regen+ Dex+4}
 35041 | D:13     | Reached skill level 15 in Conjurations
 35746 | D:13     | Found a gate to the Vaults.
 36625 | D:14     | Reached XP level 16. HP: 125/125 MP: 16/29
 37514 | D:15     | Entered Level 15 of the Dungeon
 39301 | D:15     | Found a staircase to the Depths.
 40147 | D:15     | Found the +10 Black Knight's barding {ponderous, rPois rN+}
 40820 | Spider:1 | Entered Level 1 of the Spider Nest
 44228 | Spider:1 | Reached skill level 16 in Conjurations
 44767 | Spider:1 | Learned a level 5 spell: Lightning Bolt
 45350 | Spider:2 | Reached skill level 1 in Air Magic
 45680 | Spider:2 | HP: 7/189 [moth of wrath (15)]
 45681 | Spider:2 | Mangled by a redback

Illustrated notes

Levels and vault maps discovered:
D:1:      eino_arrival_cavern_b, layout_rooms, chequers_arboretum
D:2:      layout_rooms, good_gods_temple_1, yredelemnul_altar_generic,
          uniq_terence
D:3:      layout_basic, minmay_ogre_servants
D:4:      layout_basic, regret_index_temple_of_mockery,
          gammafunk_ghost_necromancy
D:5:      layout_basic, makhleb_blood_cavern_becter, uniq_eustachio
D:6:      layout_cave_pools, nicolae_dithmenos_shadow_blocks, uniq_edmund,
          uniq_blork_the_orc, uniq_pikel
D:7:      layout_loops_ring, minmay_temple_entry_trees, bh_walls_and_bars,
          uniq_crazy_yiuf_cottage, uniq_duvessa
D:8:      layout_cave_pools, lemuel_centaur_altar
D:9:      layout_basic, minmay_overflow_temple_hex, serial_shops, shop,
          special_room [special_room_orc], minivault_20
D:10:     minmay_the_grid_3x2 [minmay_the_grid_armoury,
          minmay_the_grid_aliased_spiral, minmay_the_grid_eight,
          minmay_the_grid_x, minmay_the_grid_gridbox,
          minmay_the_grid_prize_shrinking_boxes], layout_loops_ring
D:11:     hangedman_screamer, layout_irregular_city, erik_lair_orcish_takeover,
          hiddenorc1_lemuel, portal_ice_cave_rime, roderic_lattice_a,
          kennysheep_small_spiral, uniq_harold
D:12:     layout_roguey
D:13:     layout_basic, grunt_vaults_entry_fortified, serial_rivers,
          chequers_serial_rivers_small_3, chequers_serial_rivers_micro_e,
          chequers_serial_rivers_marsh, chequers_serial_rivers_room_b,
          chequers_serial_rivers_micro_a, gauntlet_entry_generic, pf_eden
D:14:     layout_roguey, serial_park_square2
D:15:     hangedman_depths_entry_try_elsewhere_first, layout_basic,
          chequers_serial_rivers_micro_d, hangedman_weighted_door,
          minmay_fractal_squares_gapless_5
Temple:   compressed_dpeg_circular_temple
Lair:1:   layout_gridlike, minmay_lair_oklob_chamber
Lair:2:   layout_layer_cave, minmay_swamp_entry_worms, grunt_megastairs_2,
          serial_bayou_shore_a
Lair:3:   layout_regular_city, spider_nest_entry_a
Lair:4:   layout_cave_shapes, serial_rivers, chequers_serial_rivers_marsh,
          chequers_serial_rivers_marsh, chequers_serial_rivers_micro_c,
          chequers_serial_rivers_small_3, gammafunk_ghost_ooze, uniq_kirke
Lair:5:   beast_lair_carwin_large_2, layout_cave_pods, grunt_megastairs_5,
          infiniplex_staircase_pool_2
Lair:6:   wormcave, layout_gridlike, nicolae_slime_entry_slimehenge,
          chequers_serial_rivers_micro_a, chequers_serial_rivers_micro_c,
          serial_bayou_lagoon_a, bobbens_ice_dragon_lair
Spider:1: layout_spider_delve, hangedman_spider_trapstep
Spider:2: layout_spider_delve, drop_trap, uniq_arachne
Orc:1:    layout_caves, serial_shops, shop_fountains, shop
Orc:2:    pf_orc_diabolical, layout_diamond_mine

Skill      XL: |  1  2  3  4  5  6  7  8  9 10 11 12 13 14 15 16 |
---------------+-------------------------------------------------+-----
Stealth        | 2 3 4 5 6 7 8 9 10 11 | 11.9
Dodging        | 2 3 4 5 6 7 8 9 10 11 | 11.0
Fighting       | 1 2 3 4 5 6 7 9 10 11 12 | 12.6
Spellcasting   | 3 4 5 6 7 8 9 |  9.0
Hexes          | 1 2 3 4 5 6 7 8 9 |  9.0
Conjurations   | 5 6 7 8 9 11 12 13 14 15 16 | 16.1
Shields        | 1 3 4 |  4.0
Invocations    | 1 4 6 8 |  8.0
Evocations     | 1 4 |  4.0
Maces & Flails | 1 3 5 7 |  7.3
Air Magic      | 1 |  1.1

Action                   |  1- 3 |  4- 6 |  7- 9 | 10-12 | 13-15 | 16-18 || total
-------------------------+-------+-------+-------+-------+-------+-------++-------
Melee: Unarmed           |     1 |       |       |       |     2 |       ||     3
       Dagger            |     6 |       |       |   289 |   195 |       ||   490
       Mace              |    10 |    62 |   221 |       |       |       ||   293
       Tailslap          |       |     5 |    21 |    68 |    91 |    37 ||   222
       Spear             |       |       |    26 |   254 |       |       ||   280
       Great mace        |       |       |       |       |   468 |   210 ||   678
       Shillelagh        |       |       |       |       |    16 |       ||    16
Throw: Dart              |       |       |     1 |    30 |    64 |     6 ||   101
 Cast: Magic Dart        |    69 |    80 |    86 |    61 |    64 |    28 ||   388
       Fulminant Prism   |       |     1 |     9 |    89 |   217 |    90 ||   406
       Lightning Bolt    |       |       |       |       |       |    26 ||    26
Invok: Recall Ancestor   |       |     1 |       |     2 |     9 |     2 ||    14
       Ancestor Life: Ba |       |       |     1 |       |       |       ||     1
       Idealise          |       |       |       |       |     1 |       ||     1
 Abil: Breathe Frost     |       |       |     4 |     6 |     6 |       ||    16
Evoke: Wand              |       |       |     1 |     9 |     5 |     3 ||    18
       Tin of tremorston |       |       |       |       |     6 |     6 ||    12
       Phantom mirror    |       |       |       |       |     1 |       ||     1
       Lightning rod     |       |       |       |       |       |     4 ||     4
       Condenser vane    |       |       |       |       |       |     1 ||     1
  Use: Scroll            |       |       |       |    30 |    15 |     3 ||    48
       Potion            |       |       |       |       |     4 |     4 ||     8
 Stab: Sleeping          |       |     1 |     6 |     6 |    17 |     2 ||    32
       Distracted        |       |       |     2 |     4 |    11 |     2 ||    19
       Paralysed         |       |       |       |     5 |       |       ||     5
       Held in net/web   |       |       |       |       |       |     1 ||     1
Armor: Skin              |    10 |    27 |    93 |   136 |   350 |   296 ||   912
Dodge: Dodged            |    26 |    49 |   220 |   369 |   800 |   558 ||  2022
Block: Buckler           |       |       |     6 |    95 |    39 |       ||   140

Table legend: (Time is in decaauts)
 A = Elapsed time spent in this place.
 B = Non-inter-level travel time spent in this place.
 C = Inter-level travel time spent in this place.
 D = Time resting spent in this place.
 E = Time spent auto-exploring this place.
 F = Levels seen in this place.
 G = Mean time per level.
                   A        B        C        D        E       F      G
               +--------+--------+--------+--------+--------+-----+--------+
         Total |  46378 |  44599 |   1779 |  16833 |  19070 |  28 | 1656.4 |
       Dungeon |  25351 |  24467 |    884 |   8222 |  11277 |  15 | 1690.1 |
        Temple |     88 |     78 |     10 |      0 |     77 |   1 |   88.0 |
          Lair |  14305 |  13739 |    566 |   5925 |   5660 |   6 | 2384.2 |
   Spider Nest |   1744 |   1718 |     26 |    820 |    544 |   2 |  872.0 |
  Orcish Mines |   3265 |   2973 |    292 |   1128 |   1152 |   2 | 1632.5 |
      Ice Cave |    918 |    918 |      0 |    447 |    164 |   1 |  918.0 |
      Gauntlet |    703 |    703 |      0 |    291 |    196 |   1 |  703.0 |
               +--------+--------+--------+--------+--------+-----+--------+

Top non-repeatable levels by time:
  Lair:3: 5715 daAuts
    D:15: 3219 daAuts
    D:13: 3087 daAuts
    D:11: 2214 daAuts
    D:10: 1989 daAuts
  Lair:6: 1973 daAuts
     D:3: 1955 daAuts
   Orc:2: 1947 daAuts
  Lair:1: 1913 daAuts
  Lair:5: 1768 daAuts
     D:5: 1580 daAuts
  Lair:4: 1508 daAuts
  Lair:2: 1426 daAuts
     D:9: 1405 daAuts
     D:4: 1403 daAuts
